 Dungeon Crawl Stone Soup version 0.31-a0-667-g39726597b9 (webtiles) character file.

Game seed: 876650818920229139

1159 Essalna the Conjurer (level 8, -1/61 (62) HPs)
             Began as a Demonspawn Conjurer on Sept 4, 2023.
             Was a Follower of Vehumet.
             Slain by a wight
             ... wielding a +3 spear
              (8 damage)
             ... on level 6 of the Dungeon.
             The game lasted 00:09:47 (5915 turns).

Essalna the Conjurer (Demonspawn Conjurer)          Turns: 5915, Time: 00:09:48

HP:   -1/61 (62)    AC:  9    Str:  8    XL:     8   Next: 16%
MP:   1/15          EV: 12    Int: 21    God:    Vehumet [*.....]
Gold: 307           SH:  4    Dex: 12    Spells: 14/17 levels left

rFire   . . .        i - +0 short sword (elec)
rCold   . . .        (no shield)
rNeg    . . .        a - +0 robe
rPois   .            (no helmet)
rElec   .            (no cloak)
rCorr   .            l - +1 pair of gloves
SInv    .            u - +0 pair of boots
Will    .....        (no amulet)
Stlth   ++           (no ring)
HPRegen 0.30/turn    (no ring)
MPRegen 0.14/turn

%: no passive effects
@: lightly drained
A: icemail 1, powered by death 1, condensation shield
a: Renounce Religion


You were on level 6 of the Dungeon.
You worshipped Vehumet.
Vehumet was aware of your devotion.
You visited 2 branches of the dungeon, and saw 7 of its levels.

You collected 307 gold pieces.

Inventory:

Hand Weapons
 i - a +0 short sword of electrocution (weapon)
Armour
 a - a +0 robe (worn)
 l - a +1 pair of gloves (worn)
 u - a +0 pair of boots (worn)
Magical Staves
 k - a staff of earth
Jewellery
 s - a ring of ice
Wands
 m - a wand of roots (3)
Scrolls
 d - a scroll of identify {unknown}
 f - 2 scrolls of amnesia {unknown}
 g - 3 scrolls of revelation {unknown}
 h - a scroll of poison {unknown}
 j - 4 scrolls of fog {unknown}
 n - a scroll of enchant armour {unknown}
 o - a scroll of blinking {unknown}
 q - a scroll of acquirement {unknown}
 r - a scroll of teleportation {unknown}
 t - a scroll of torment {unknown}
Potions
 b - a potion of magic
 c - 2 potions of invisibility {unknown}
 e - 3 potions of might {unknown}
 p - a potion of brilliance {unknown}


   Skills:
 + Level 5.3 Fighting
 + Level 1.2 Armour
 + Level 2.3 Dodging
 - Level 1.7 Stealth
 - Level 5.0 Spellcasting
 + Level 6.8 Conjurations


You had 14 spell levels left.
You knew the following spells:

 Your Spells              Type           Power      Damage    Failure   Level
a - Magic Dart            Conj           100%       1d8       1%          1
b - Searing Ray           Conj           66%        2d6       1%          2

Your spell library contained the following spells:

 Spells                   Type           Power      Damage    Failure   Level
 Freeze                   Ice            20%        1d4       11%         1
 Dazzling Flash           Conj/Hex       38%        N/A       8%          3
 Hailstorm                Conj/Ice       19%        3d6       8%          3
 Fulminant Prism          Conj/Hex       9%         3d7       26%         4
 Iskenderun's Mystic Bla  Conj/Tloc      19%        2d6       26%         4
 Frozen Ramparts          Ice            10%        1d2       32%         3
 Teleport Other           Tloc           5%         N/A       32%         3
 Manifold Assault         Tloc           5%         N/A       71%         4
 Malign Gateway           Summ/Tloc      2%         N/A       100%        7


Dungeon Overview and Level Annotations

Branches:
Dungeon (6/15)             Temple (1/1) D:4

Altars:
Ashenzari
Cheibriados
Dithmenos
Fedhas
Gozag
Hepliaklqana
Kikubaaqudgha
Makhleb
Nemelex Xobeh
Okawaru
Ru
Sif Muna
Trog
Uskayaw
Vehumet
Wu Jian
Xom
Yredelemnul

Shops:
D:1 =[([

Annotations:
D:5 Edmund
D:6 1 runed translucent door


Innate Abilities, Weirdness & Mutations

A meltable icy envelope protects you from harm. (AC +4)
You regenerate a little health from kills.
A meltable shield of frost defends you. (SH +4)


Message History

You feel drained.
The searing ray hits the wight but does no damage.
The wight is heavily damaged.
The searing ray hits the wight.
The wight is almost destroyed.
You finish channelling your searing ray.
The wight barely misses you. You block the wight's attack.
Casting: Searing Ray (safe; 1% risk of failure)
Confirm with . or Enter, or press ? or * to list all spells.
Aiming: Searing Ray (safe; 1% risk of failure)
Press: ? - help, Shift-Dir - straight line, f/p - wight
Aim: a wight, wielding a +5 spear and wearing a +0 robe (almost destroyed, 81% to hit)
The searing ray hits the wight.
The wight is severely damaged.
The searing ray hits the wight.
The wight is almost destroyed. (Press . to maintain the ray.)
The wight barely misses you. The wight hits you with a +4 war axe!
* * * LOW HITPOINT WARNING * * *
The searing ray hits the wight.
You destroy the wight!
Vehumet accepts your kill.
The searing ray hits the wight.
You destroy the wight!
Vehumet accepts your kill.
Your life force feels restored.
Your Armour skill increases to level 1!
The searing ray hits the wight.
The wight is heavily damaged.
The wight barely misses you.
The searing ray hits the wight.
The wight is severely damaged.
You finish channelling your searing ray.
The wight hits you from afar with a +3 spear.
* * * LOW HITPOINT WARNING * * *
You feel drained.
* * * LOW HITPOINT WARNING * * *
The wight attacks as it pursues you!
The wight hits you from afar with a +3 spear!
You die...

#..#####...##.....
#..........######..
#...#+#...## ..
#...#p#...# #
##...###...#
#.....))...#
...####z##### ###[#
##.@.# #..#.#
####'#### #.......#
#.##.##.# #.#.#.#.#
+..###..+
#.##.#.#.#.# ##
#.##.##.##.#


You could see a wight and a neutral human (wandering).

Vanquished Creatures
  Duvessa (D:6)
  An ice beast (D:4)
  2 ogres (D:6)
  2 scorpions
  Dowan (D:6)
  3 wights (D:6)
  3 hounds
  A jelly (D:5)
  A gnoll bouda (D:5)
  3 iguanas
  2 sleepcaps
  An orc wizard (D:6)
  5 gnolls (D:5)
  4 adders (D:3)
  2 ufetubi
  A worm (D:4)
  9 orcs
  5 ball pythons
  4 endoplasms
  3 giant cockroaches
  4 goblins
  5 hobgoblins
  11 kobolds
  6 quokkas
  9 bats
  5 frilled lizards
  A kobold skeleton (D:6)
  10 rats
105 creatures vanquished.

Notes
Turn   | Place    | Note
-------+----------+-------------------------------------------
     0 | D:1      | Essalna the Demonspawn Conjurer began the quest for the
                  | Orb.
     0 | D:1      | Reached XP level 1. HP: 13/13 MP: 3/3
   121 | D:1      | Found Dutink's Antique Weapon Boutique.
   163 | D:1      | Found Huihus's Armour Shop.
   263 | D:1      | Gained mutation: You regenerate a little health from kills.
                  | [demonic ancestry]
   263 | D:1      | Reached XP level 2. HP: 20/20 MP: 3/5
   365 | D:1      | Found Ofoz's Armour Shoppe.
   547 | D:1      | Reached skill level 1 in Fighting
  1024 | D:1      | Found Olidigew's Jewellery Boutique.
  1205 | D:1      | Learned a level 2 spell: Searing Ray
  1424 | D:2      | Reached XP level 3. HP: 26/26 MP: 1/6
  2200 | D:3      | Found a blossoming altar of Fedhas.
  2476 | D:3      | Reached XP level 4. HP: 33/33 MP: 1/8
  2677 | D:3      | Found a burning altar of Makhleb.
  2679 | D:3      | Found a shimmering blue altar of Sif Muna.
  3220 | D:4      | Noticed a scorpion
  3228 | D:4      | Killed a scorpion
  3229 | D:4      | Reached skill level 5 in Conjurations
  3229 | D:4      | Reached XP level 5. HP: 35/40 MP: 0/10
  3397 | D:4      | Noticed an ice beast
  3405 | D:4      | Killed an ice beast
  3406 | D:4      | Reached XP level 6. HP: 37/47 MP: 0/11
  3650 | D:4      | Found a snail-covered altar of Cheibriados.
  4099 | D:4      | Found a staircase to the Ecumenical Temple.
  4173 | Temple   | Entered the Ecumenical Temple
  4195 | Temple   | Became a worshipper of Vehumet
  4415 | D:5      | Entered Level 5 of the Dungeon
  4898 | D:5      | Gained mutation: A meltable shield of frost defends you.
                  | (SH +4) [demonic ancestry]
  4898 | D:5      | Reached XP level 7. HP: 54/54 MP: 7/13
  5079 | D:5      | Reached skill level 6 in Conjurations
  5116 | D:5      | Noticed Edmund
  5418 | D:6      | Noticed Duvessa
  5419 | D:6      | Noticed Dowan
  5424 | D:6      | Killed Duvessa
  5426 | D:6      | Killed Dowan
  5657 | D:6      | Reached skill level 5 in Fighting
  5657 | D:6      | Reached skill level 5 in Spellcasting
  5802 | D:6      | Got Masisk's Reference Book on Warped Firn
  5815 | D:6      | Found a sparkling altar of Nemelex Xobeh.
  5862 | D:6      | Found a runed translucent door.
  5862 | D:6      | Noticed a human
  5866 | D:6      | Reached * piety under Vehumet
  5866 | D:6      | Offered knowledge of Freeze by Vehumet.
  5874 | D:6      | Found a basalt altar of Yredelemnul.
  5907 | D:6      | Gained mutation: A meltable icy envelope protects you from
                  | harm. (AC +4) [demonic ancestry]
  5907 | D:6      | Reached XP level 8. HP: 43/62 MP: 10/15
  5913 | D:6      | Reached skill level 1 in Armour
  5915 | D:6      | Slain by a wight

Illustrated notes

Levels and vault maps discovered:
D:1:      lightli_arrival_windingriver, layout_loops_ring, serial_shops,
          nicolae_shop_rolling_square, shop, shop, nicolae_shop_real_fake_doors,
          minmay_unequal
D:2:      layout_basic
D:3:      layout_basic, fedhas_altar_2, nicolae_overflow_hidden_temple,
          serial_bayou, serial_bayou_pond_c, serial_bayou_ford_a,
          serial_bayou_shore_a, serial_bayou_shore_b, serial_bayou_pond_e,
          serial_bayou_pond_e
D:4:      layout_loops_ring, slow_altar_1, minmay_temple_entry_junction
D:5:      layout_layer_cave, tso_metal_star, uniq_edmund
D:6:      layout_loops_corners, mainiacjoe_overflow_surrounded_room,
          dk_yredelemnul_ordeal, minivault_1, kennysheep_generic_room_9,
          uniq_jeremiah, uniq_duvessa, uniq_sigmund
Temple:   eino_temple_water

Skill      XL: |  1  2  3  4  5  6  7  8 |
---------------+-------------------------+-----
Fighting       | 1 2 3 4 5 |  5.3
Spellcasting   | 3 4 5 |  5.0
Conjurations   | 5 6 |  6.8
Dodging        | 2 |  2.3
Armour         | 1 |  1.2
Stealth        | |  1.7

Action                     |  1- 3 |  4- 6 |  7- 9 || total
---------------------------+-------+-------+-------++-------
  Melee: Unarmed           |     5 |       |       ||     5
         Short sword       |     2 |    19 |     1 ||    22
   Cast: Magic Dart        |    96 |    92 |    34 ||   222
         Searing Ray       |       |     7 |    10 ||    17
  Evoke: Wand              |       |       |     7 ||     7
   Stab: Sleeping          |       |     1 |       ||     1
 Armour: Robe              |     6 |    21 |    17 ||    44
  Dodge: Dodged            |     7 |    13 |    18 ||    38
  Block: Other             |       |       |     2 ||     2

Table legend: (Time is in decaauts)
 A = Elapsed time spent in this place.
 B = Non-inter-level travel time spent in this place.
 C = Inter-level travel time spent in this place.
 D = Time resting spent in this place.
 E = Time spent auto-exploring this place.
 F = Levels seen in this place.
 G = Mean time per level.
                   A        B        C        D        E       F      G
               +--------+--------+--------+--------+--------+-----+--------+
         Total |   5941 |   5650 |    291 |     98 |   4925 |   7 |  848.7 |
       Dungeon |   5901 |   5644 |    257 |     98 |   4925 |   6 |  983.5 |
        Temple |     39 |      5 |     34 |      0 |      0 |   1 |   39.0 |
               +--------+--------+--------+--------+--------+-----+--------+

Top non-repeatable levels by time:
     D:4: 1401 daAuts
     D:1: 1207 daAuts
     D:3: 1069 daAuts
     D:2: 969 daAuts
     D:5: 750 daAuts
     D:6: 503 daAuts
  Temple: 39 daAuts
